 Dungeon Crawl Stone Soup version 0.30-a0-782-ge64f9170bb (webtiles) character file.

Game seed: 86219182696997363

5224 zero the Nimble (level 10, -6/47 HPs)
             Began as a Felid Summoner on Mar 17, 2023.
             Was an Initiate of Gozag.
             Hit by a silver javelin thrown by a minotaur (32 damage)
             ... in a Gauntlet.
             The game lasted 00:34:05 (16310 turns).

zero the Nimble (Felid Summoner)                   Turns: 16310, Time: 00:34:05

Health: -6/47      AC:  2    Str: 10    XL:     10   Next: 35%
Magic:  15/22      EV: 23    Int: 27    God:    Gozag
Gold:   1028       SH:  0    Dex: 16    Spells: 7/24 levels left
                                        Lives:  0   Deaths: 3

rFire   + . .      SeeInvis +    (weapon unavailable)
rCold   x . .      Faith    .    (shield unavailable)
rNeg    . . .      Spirit   .    (body armour unavailable)
rPois   .          Reflect  .    (helmet unavailable)
rElec   .          Harm     .    (cloak unavailable)
rCorr   .          Rampage  .    (gloves unavailable)
Will    +....      NoTele   +    (boots unavailable)
Stlth   +++                      s - amulet of magic regeneration
HPRegen 0.27/turn                h - ring of Sunlight {rC- Str+6 Int+5}
MPRegen 0.58/turn                k - ring of protection from fire

@: quick
A: very small, claws 1, fangs 3, see invisible, speed 1, shaggy fur 2, stealthy
paws, no weapons or thrown items, no armour, multi-lived
a: Renounce Religion, Potion Petition, Call Merchant, Bribe Branch


You were in a Gauntlet.
You worshipped Gozag.
Gozag was most pleased with you.
You visited 2 branches of the dungeon, and saw 12 of its levels.
You also visited: Gauntlet.

You collected 3016 gold pieces.
You spent 1186 gold pieces at shops.
You paid 802 gold pieces to Gozag.

Inventory:

Jewellery
 h - the ring of Sunlight (left paw) {rC- Str+6 Int+5}
   (You found it in a Gauntlet)

   [ring of strength]

   Str:       It affects your strength (+6).
   Int:       It affects your intelligence (+5).
   rC:        It makes you vulnerable to cold.
 i - a +5 ring of evasion
 k - a ring of protection from fire (right paw)
 s - an amulet of magic regeneration (around neck)
 x - a ring of wizardry
 y - the ring "Goawkuwn" {rC+ MP+9 Dex+5}
   (You bought it in a shop on level 8 of the Dungeon)

   [ring of magical power]

   Dex:       It affects your dexterity (+5).
   rC:        It protects you from cold.
   MP:        It affects your magic capacity (+9).
 B - a ring of flight
Wands
 o - a wand of mindburst (14)
 q - a wand of flame (13)
 r - a wand of iceblast (5)
 w - a wand of polymorph (3)
 A - a wand of charming (7)
Scrolls
 l - 3 scrolls of teleportation
 m - 6 scrolls of fear
 u - 2 scrolls of blinking
Potions
 a - 2 potions of lignification
 c - 4 potions of cancellation
 d - 2 potions of resistance
 e - 3 potions of mutation
 f - a potion of haste
 g - a potion of berserk rage {unknown}
 j - a potion of brilliance
 n - 3 potions of flight
 p - a potion of curing
 t - a potion of might {unknown}
 v - a potion of invisibility {unknown}
 z - 2 potions of attraction


   Skills:
 + Level 7.4 Fighting
 + Level 10.2 Dodging
 - Level 4.0 Stealth
 + Level 7.8 Spellcasting
 - Level 5.0 Hexes
 + Level 9.2 Summonings
 * Level 6.8 Translocations
 - Level 7.0 Air Magic


You had 7 spell levels left.
You knew the following spells:

 Your Spells              Type           Power      Damage    Failure   Level
b - Call Imp              Summ           57%        N/A       1%          2
c - Call Canine Familiar  Summ           57%        N/A       1%          3
d - Summon Guardian Gole  Hex/Summ       48%        N/A       1%          3
F - Summon Forest         Summ/Tloc      26%        N/A       5%          5
L - Summon Lightning Spi  Summ/Air       53%        N/A       1%          4

Your spell library contained the following spells:

 Spells                   Type           Power      Damage    Failure   Level
 Apportation              Tloc           94%        N/A       1%          1
 Summon Small Mammal      Summ           100%       N/A       1%          1
 Blink                    Tloc           94%        N/A       1%          2
 Momentum Strike          Conj/Tloc      58%        3d9       1%          2
 Poisonous Vapours        Pois/Air       58%        N/A       1%          2
 Gell's Gravitas          Tloc           47%        N/A       1%          3
 Kindle Blastsparks       Fire/Tloc/Air  70%        2d15      2%          3
 Cigotuvi's Dreadful Rot  Necr/Pois/Air  46%        N/A       3%          2
 Manifold Assault         Tloc           47%        N/A       3%          4
 Beastly Appendage        Tmut           20%        N/A       5%          1
 Necrotise                Necr           40%        1d6       5%          1
 Mephitic Cloud           Conj/Pois/Air  23%        N/A       6%          3
 Wereblood                Tmut           10%        N/A       9%          2
 Ozocubu's Armour         Ice            10%        N/A       16%         3
 Spider Form              Tmut/Pois      10%        N/A       16%         3
 Alistair's Intoxication  Tmut/Pois      6%         N/A       83%         5
 Malign Gateway           Summ/Tloc      26%        N/A       86%         7
 Ozocubu's Refrigeration  Ice            5%         4d8       100%        7


Dungeon Overview and Level Annotations

Branches:
Dungeon (11/15)            Temple (1/1) D:5            Lair (0/5) D:11
Gauntlet (1/1)
    Orc: D:9-12

Altars:
Ashenzari
Cheibriados
Dithmenos
Elyvilon
Fedhas
Gozag
Hepliaklqana
Kikubaaqudgha
Makhleb
Nemelex Xobeh
Okawaru
Qazlal
Ru
Sif Muna
Trog
Uskayaw
Vehumet
Wu Jian
Xom
Yredelemnul
Zin
The Shining One

Shops:
D:6 *   D:8 =

Annotations:
D:2 Terence
D:4 exclusion: downstairs
D:5 exclusion: downstairs
D:6 exclusion: downstairs
D:10 1 runed translucent door, Athor's ghost, journeyman VSBr Gauntlet 8 transporters


Innate Abilities, Weirdness & Mutations

You have sharp claws.
You have razor-sharp teeth.
You have supernaturally acute eyesight. (SInv)
You cover ground quickly. (Speed+)
You are covered in thick fur. (AC +2)
Your paws help you pounce on unaware monsters.
You are incapable of wielding weapons or throwing items.
You cannot wear armour.
You gain extra lives every three experience levels.


Message History

Confirm with . or Enter, or press ? or * to list all spells.
You need more open space to fit a forest.
Casting: Summon Forest (quite dangerous; 5% risk of failure)
Confirm with . or Enter, or press ? or * to list all spells.
An electric hum fills the air.
The minotaur bellows!
The minotaur throws a silver javelin.
The silver javelin misses you.
Casting: Summon Lightning Spire (dangerous; 1% risk of failure)
Confirm with . or Enter, or press ? or * to list all spells.
A guardian golem appears, shielding your allies.
Casting: Summon Guardian Golem (safe; 1% risk of failure)
Confirm with . or Enter, or press ? or * to list all spells.
The minotaur throws a silver javelin.
The silver javelin completely misses your wolf.
The silver javelin pierces through you!!
The silver javelin pierces through your guardian golem.
You swap places.
Your wolf bites the minotaur but does no damage.
The minotaur throws a silver javelin.
The silver javelin barely misses your wolf.
The silver javelin pierces through your guardian golem!!
The silver javelin closely misses you. What are your orders? t - Meow!
Orders for allies: a - Attack new target. r - Retreat! s - Stop attacking. g - Guard the area. f - Follow me.
Anything else - Cancel.
Gang up on whom?
Press: ? - help, Dir - move target, f - minotaur
Aim: a minotaur, wielding a +3 great sword of draining, wearing a +0 plate armour and quivering silver javelins (ally target) Attack!
Your wolf bites the minotaur but does no damage.
Your guardian golem overheats!
The minotaur throws a silver javelin.
The silver javelin pierces through your wolf!!
The silver javelin pierces through you!!
Ouch! That really hurt!
You die...
Your body crumbles into a pile of gold.

### ###
#################
### ### #
#.................
#.♣.♣.©.©.©.©.♣.♣.#
#.................
###.##.##.##.##.###
##.##.##.##.# .#
#............ .
#.##.##.##.
#.##.##@##.##.#
#.......8......
###.##9#h###.##
###.##.#H#
#......#.#
##.##.##.#
#.##.##∩# #.....###
###.##.#


You could see a minotaur (ally target), a friendly guardian golem (summoned,
inner flame), a friendly wolf (summoned, sheltered) and a friendly lightning
spire (summoned, sheltered).

Vanquished Creatures
  A wight (D:6)
  A gnoll bouda (D:7)
  A gnoll (D:5)
  A white imp (D:8)
  A dart slug (D:4)
  2 orcs (D:7)
  3 giant cockroaches
  2 hobgoblins
  3 bats
  A rat (D:2)
16 creatures vanquished.

Vanquished Creatures (collateral kills)
  Erolcha (D:10)
  A two-headed ogre (D:11)
  A shining eye (Gauntlet)
  A cyclops (D:11)
  2 slime creatures (Gauntlet)
  A komodo dragon (D:10)
  A kobold demonologist (D:9)
  A wraith (D:5)
  A wyvern (D:7)
  8 yaks
  2 steam dragons
  2 floating eyes (Gauntlet)
  An ice beast (D:7)
  5 orc warriors
  A sky beast (D:8)
  2 black bears
  4 wolves (D:8)
  2 ogres (D:6)
  A phantom (D:4)
  2 nameless horrors
  2 kobold brigands
  5 bullfrogs
  3 scorpions
  11 wights
  12 killer bees
  6 howler monkeys
  5 jellies
  5 hounds
  A gnoll bouda (D:6)
  2 orc priests
  8 iguanas
  10 orc wizards
  10 gnolls
  7 adders
  2 white imps
  2 ufetubi
  A worm (D:2)
  2 dart slugs
  21 orcs
  4 ball pythons
  4 bats
  8 endoplasms
  5 giant cockroaches
  3 hobgoblins
  7 quokkas
  3 frilled lizards
  7 goblins
  18 kobolds
  4 rats
218 creatures vanquished.

Vanquished Creatures (others)
  Erica (D:10)
  A troll (D:11)
  Prince Ribbit (D:8)
  A wyvern (D:7)
  3 yaks
  Grum (D:8)
  An orc warrior (D:10)
  An ogre (D:5)
  2 centaurs
  2 wights
  A killer bee (D:7)
  A howler monkey (D:10)
  2 orc priests (D:9)
  A gnoll bouda (D:7)
  2 gnolls
  3 orcs
  4 demonic plants (Gauntlet)
  2 snaplasher vines (D:10)
30 creatures vanquished.

Grand Total: 264 creatures vanquished

Notes
Turn   | Place    | Note
-------+----------+-------------------------------------------
     0 | D:1      | zero the Felid Summoner began the quest for the Orb.
     0 | D:1      | Reached XP level 1. HP: 7/7 MP: 4/4
   342 | D:1      | Found a faded altar of an unknown god.
   414 | D:1      | Reached XP level 2. HP: 11/11 MP: 3/6
   417 | D:1      | Learned a level 2 spell: Call Imp
  1711 | D:2      | Reached XP level 3. HP: 9/14 MP: 2/8
  1716 | D:2      | Learned a level 3 spell: Call Canine Familiar
  1851 | D:2      | Noticed Terence
  2910 | D:3      | Found an iron altar of Okawaru.
  2912 | D:3      | Found an opulent altar of Gozag.
  3006 | D:3      | Became a worshipper of Gozag Ym Sagoz the Greedy
  3500 | D:3      | Reached XP level 4. HP: 18/18 MP: 3/9
  3504 | D:3      | Learned a level 3 spell: Summon Guardian Golem
  3920 | D:3      | Reached skill level 5 in Summonings
  4125 | D:4      | Reached XP level 5. HP: 8/21 MP: 3/11
  4128 | D:4      | Reached skill level 3 in Dodging
  4355 | D:4      | Reached skill level 1 in Fighting
  4665 | D:4      | Gained mutation: You are covered in thick fur. (AC +2)
                  | [Felid growth]
  4665 | D:4      | Reached XP level 6. HP: 25/25 MP: 2/12
  4845 | D:4      | Learned a level 4 spell: Summon Lightning Spire
  5523 | D:4      | Reached skill level 4 in Dodging
  5745 | D:5      | Entered Level 5 of the Dungeon
  5848 | D:5      | Noticed a wraith
  5887 | D:5      | Killed a wraith
  5888 | D:5      | Reached skill level 1 in Hexes
  5888 | D:5      | Reached skill level 1 in Air Magic
  5888 | D:5      | Reached XP level 7. HP: 30/30 MP: 3/14
  6424 | D:5      | Found a staircase to the Ecumenical Temple.
  6447 | Temple   | Entered the Ecumenical Temple
  6677 | D:5      | HP: 1/30 [black bear (5)]
  6682 | D:5      | HP: 1/30 [black bear (1)]
  6682 | D:5      | Slain by a black bear
  6683 | D:5      | Reached XP level 6. HP: -4/27 MP: 0/13
  6700 | D:5      | Reached skill level 5 in Dodging
  6797 | D:5      | Reached XP level 7. HP: 31/31 MP: 4/14
  7638 | D:6      | Found Tyow's Assorted Antiques.
  7728 | D:6      | Bought a puce potion for 27 gold pieces
  7728 | D:6      | Bought a scroll of teleportation for 93 gold pieces
  7728 | D:6      | Bought a scroll labelled BEGIOT FAPORR for 31 gold pieces
  7728 | D:6      | Bought a puce potion for 27 gold pieces
  7728 | D:6      | Bought a scroll of teleportation for 93 gold pieces
  7728 | D:6      | Bought a copper wand for 124 gold pieces
  7728 | D:6      | Bought a brass wand for 124 gold pieces
  7980 | D:6      | Reached XP level 8. HP: 34/34 MP: 11/16
  8156 | D:6      | Reached skill level 5 in Spellcasting
  8860 | D:6      | Reached skill level 6 in Dodging
  8976 | D:6      | Reached skill level 5 in Hexes
  9888 | D:7      | Reached XP level 9. HP: 39/39 MP: 8/18
  9894 | D:7      | Reached skill level 5 in Air Magic
  9950 | D:6      | Slain by a killer bee
  9951 | D:6      | Reached XP level 8. HP: 0/36 MP: 1/17
 10442 | D:7      | Reached skill level 7 in Dodging
 11111 | D:7      | Found a sacrificial altar of Ru.
 11686 | D:8      | Noticed Prince Ribbit
 11827 | D:7      | Reached skill level 5 in Fighting
 11979 | D:8      | Reached XP level 9. HP: 40/40 MP: 9/19
 12063 | D:8      | Found a white marble altar of Elyvilon.
 12267 | D:8      | Noticed Grum
 12281 | D:8      | Killed Grum
 12340 | D:8      | Killed Prince Ribbit
 12389 | D:8      | Identified the +3 longbow "Egg" {drain, rElec rC+ Int-2}
 12451 | D:8      | Found a shadowy altar of Dithmenos.
 12666 | D:8      | Reached skill level 8 in Dodging
 13017 | D:9      | Noticed a kobold demonologist
 13031 | D:9      | Noticed a smoke demon
 13037 | D:9      | Noticed a hellwing
 13050 | D:9      | Killed a kobold demonologist
 13155 | D:9      | Identified 2 scrolls of acquirement
 13155 | D:9      | Acquired the Spellbook of Transportation
 13157 | D:9      | Acquired 901 gold pieces
 13184 | D:8      | Bought the ring "Goawkuwn" {rC+ MP+9 Dex+5} for 667 gold
                  | pieces
 13207 | D:8      | Learned a level 5 spell: Summon Forest
 13381 | D:9      | Reached skill level 1 in Translocations
 13463 | D:9      | Reached XP level 10. HP: 45/45 MP: 20/20
 13634 | D:9      | Found a sparkling altar of Nemelex Xobeh.
 14047 | D:9      | Reached skill level 9 in Dodging
 14191 | D:10     | Entered Level 10 of the Dungeon
 14191 | D:10     | Noticed Athor's ghost (journeyman VSBr)
 14191 | D:10     | Found a runed translucent door.
 14550 | D:10     | Noticed Erica
 14583 | D:10     | Killed Erica
 14683 | D:10     | Reached skill level 5 in Translocations
 14893 | D:10     | Noticed Erolcha
 14917 | D:10     | Killed Erolcha
 14959 | D:10     | Noticed a centaur warrior
 15117 | D:10     | Reached XP level 11. HP: 49/49 MP: 21/23
 15451 | D:11     | Found a gate leading to a gauntlet.
 15456 | D:11     | Noticed a two-headed ogre
 15462 | D:11     | Killed a two-headed ogre
 15466 | Gauntlet | Entered a Gauntlet
 15466 | Gauntlet | Found a transporter.
 15475 | Gauntlet | Noticed a shining eye
 15781 | Gauntlet | Found a transporter.
 15792 | Gauntlet | Found a transporter.
 15795 | Gauntlet | Found a transporter.
 15804 | Gauntlet | Found a transporter.
 15821 | Gauntlet | Found a transporter.
 15830 | Gauntlet | Noticed a quicksilver ooze
 15831 | Gauntlet | Noticed a green death
 15832 | Gauntlet | Found a transporter.
 15842 | Gauntlet | Noticed a death yak
 15842 | Gauntlet | Noticed a death yak
 15842 | Gauntlet | Noticed a necromancer
 15843 | Gauntlet | Noticed a death yak
 15844 | Gauntlet | Found a transporter.
 15846 | Gauntlet | Noticed a death yak
 15858 | Gauntlet | Found a transporter.
 15864 | Gauntlet | Noticed a death yak
 15865 | Gauntlet | Noticed a necromancer
 15873 | Gauntlet | Found a transporter.
 15873 | Gauntlet | Found a transporter.
 15913 | Gauntlet | Found a transporter.
 15927 | Gauntlet | Found a transporter.
 15940 | Gauntlet | Found a transporter.
 16013 | Gauntlet | Killed a shining eye
 16014 | Gauntlet | Reached skill level 10 in Dodging
 16022 | Gauntlet | Identified the ring of Sunlight {rC- Str+6 Int+5}
 16145 | Gauntlet | Mangled by a quicksilver ooze
 16146 | Gauntlet | Reached XP level 10. HP: -6/47 MP: 2/22
 16149 | Gauntlet | Noticed a minotaur
 16310 | Gauntlet | Hit by a silver javelin thrown by a minotaur

Illustrated notes

Levels and vault maps discovered:
D:1:      giann_bridges, layout_basic, ebering_ecumenical_altar_webs
D:2:      layout_loops_ring, eino_tiny_chamber, uniq_terence
D:3:      layout_loops_ring, jmf_multi_god_temple, corner_web_ring
D:4:      wad_pebble_path, layout_cave_pools, gup_sewer_entry_pipe
D:5:      layout_loops_ring, minmay_temple_entry_drinking_statues,
          kennysheep_small_circle
D:6:      layout_rooms, serial_glass, glass_columns_b, glass_columns_b,
          serial_shops, shop, minmay_misc_feat_cross, kennysheep_small_square
D:7:      layout_basic, mainiacjoe_overflow_alcove_2
D:8:      layout_cave_pools, overflow_temple_1_default,
          nicolae_overflow_crystal_walls, minivault_21, uniq_prince_ribbit1,
          uniq_grum
D:9:      layout_stronghold, nemelex_xobeh_ov_fountains_minmay
D:10:     layout_irregular_city, ebering_ghost_inner_flame,
          grunt_decor_one_mirror, uniq_erolcha, uniq_erica
D:11:     layout_basic, lair_entry_dummy, gauntlet_entry_generic,
          nicolae_trove_entry_crossroad, nrook_loot_triangle,
          minmay_guarded_unrand_vampires_tooth, uniq_urug, uniq_fannar
Temple:   lightli_temple_of_artemis
Gauntlet: minmay_gauntlet_77_tree [minmay_gauntlet_arena_77_box,
          minmay_gauntlet_arena_77_double_cross,
          minmay_gauntlet_arena_77_hold_the_fort,
          minmay_gauntlet_arena_77_two_lines, minmay_gauntlet_arena_77_museum,
          minmay_gauntlet_arena_77_terracotta_army,
          minmay_gauntlet_arena_77_block_sizes, gauntlet_exit_green]

Skill      XL: |  1  2  3  4  5  6  7  8  9 10 11 |
---------------+----------------------------------+-----
Spellcasting   | 3 4 6 7 |  7.8
Summonings     | 5 6 7 8 9 |  9.2
Stealth        | 3 4 |  4.0
Dodging        | 3 5 7 8 9 10 | 10.2
Fighting       | 1 3 5 6 7 |  7.4
Hexes          | 3 4 5 |  5.0
Air Magic      | 2 3 6 5 7 |  7.0
Translocations | 1 5 6 |  6.8

Action                     |  1- 3 |  4- 6 |  7- 9 | 10-12 || total
---------------------------+-------+-------+-------+-------++-------
  Melee: Unarmed           |    45 |    43 |    99 |    15 ||   202
         Bite              |     2 |     5 |    15 |     2 ||    24
         Punch             |     1 |     1 |     1 |       ||     3
   Cast: Summon Small Mamm |    65 |    24 |    41 |       ||   130
         Call Imp          |    28 |    17 |    33 |     7 ||    85
         Call Canine Famil |    11 |    26 |    70 |    21 ||   128
         Summon Guardian G |       |    16 |    50 |    21 ||    87
         Summon Lightning  |       |     1 |    51 |    12 ||    64
         Summon Forest     |       |       |     3 |    17 ||    20
 Invoke: Call Merchant     |       |       |     1 |       ||     1
  Evoke: Wand              |       |       |     1 |       ||     1
    Use: Scroll            |     8 |     4 |     7 |     4 ||    23
         Potion            |       |     2 |       |     4 ||     6
   Stab: Distracted        |     1 |       |     4 |     1 ||     6
 Armour: Skin              |    10 |     2 |    14 |       ||    26
  Dodge: Dodged            |    96 |    64 |   255 |    33 ||   448

Table legend: (Time is in decaauts)
 A = Elapsed time spent in this place.
 B = Non-inter-level travel time spent in this place.
 C = Inter-level travel time spent in this place.
 D = Time resting spent in this place.
 E = Time spent auto-exploring this place.
 F = Levels seen in this place.
 G = Mean time per level.
                   A        B        C        D        E       F      G
               +--------+--------+--------+--------+--------+-----+--------+
         Total |  14912 |  14434 |    478 |   5317 |   6119 |  13 | 1147.1 |
       Dungeon |  14050 |  13588 |    462 |   4880 |   5876 |  11 | 1277.3 |
        Temple |     86 |     71 |     15 |      0 |     67 |   1 |   86.0 |
      Gauntlet |    775 |    775 |      0 |    437 |    175 |   1 |  775.0 |
               +--------+--------+--------+--------+--------+-----+--------+

Top non-repeatable levels by time:
     D:6: 2074 daAuts
     D:7: 1961 daAuts
     D:4: 1672 daAuts
     D:5: 1534 daAuts
     D:3: 1303 daAuts
     D:2: 1201 daAuts
     D:1: 1190 daAuts
     D:9: 1092 daAuts
     D:8: 962 daAuts
    D:10: 959 daAuts
Gauntlet: 775 daAuts
    D:11: 99 daAuts
  Temple: 86 daAuts
